 Dungeon Sprint DCSS version 0.30.1-6-gbe392663c4 (webtiles) character file.

Game seed: 593146602761446390

303 CarvArkoylaein the Fighter (level 6, -5/62 HPs)
             Began as a Hill Orc Fighter on Sept 21, 2023.
             Slain by a yak (16 damage)
             ... in the Dungeon (Sprint I: "Red Sonja").
             The game lasted 00:01:56 (84 turns).

CarvArkoylaein the Fighter (Hill Orc Fighter)         Turns: 84, Time: 00:01:56

Health: -5/62      AC:  4    Str: 21    XL:     6   Next: 38%
Magic:  6/6        EV: 10    Int:  8    God:
Gold:   162        SH:  5    Dex: 10    Spells: 5/5 levels left

rFire   . . .        a - +0 war axe
rCold   . . .        c - +0 buckler
rNeg    . . .        b - +0 scale mail
rPois   .            (no helmet)
rElec   .            (no cloak)
rCorr   .            (no gloves)
SInv    .            (no boots)
Will    .....        (no amulet) Stlth
                     (no ring)
HPRegen 0.30/turn    (no ring)
MPRegen 0.10/turn

%: no teleportation
@: corroded, hasted, very quick
A: no striking features
a: no special abilities


You were in the Dungeon.
You visited 1 branch You collected 162 gold pieces.

Inventory:

Hand Weapons
 a - a +0 war axe (weapon)
Armour
 b - a +0 scale mail (worn)
 c - a +0 buckler (worn)
Wands
 d - a wand of flame (6) (quivered)
Scrolls
 j - a scroll of blinking
Potions
 h - 2 potions of magic


   Skills:
 + Level 8.8 Fighting
 + Level 8.0 Axes
 + Level 7.6 Armour
 + Level 2.1 Dodging
 + Level 7.3 Shields
 + Level 1.8 Evocations


You had 5 spell levels left.
You didn't know any spells.
Your spell library was empty.

Dungeon Overview and Level Annotations

Branches:
Dungeon (1/1)

Altars:
Cheibriados
Dithmenos
Elyvilon
Fedhas
Gozag
Hepliaklqana
Kikubaaqudgha
Okawaru
Qazlal
Ru
Sif Muna
Trog
Uskayaw
Vehumet
Wu Jian
Yredelemnul
Zin
The Shining One

Shops:
D (


Message History

A jelly comes into view.
The jelly quivers.
There is an open door here.
Found a radiant altar of Vehumet.
You see here 8 stones.
You see here a potion of curing.
You slash the jelly!
Your hands burn!
The jelly is severely wounded.
The jelly hits you. The acid corrodes you!
You are splashed with acid!
You slash the jelly!
You kill the jelly!
Your Axes skill increases to level 8!
There is an ornate altar of the Wu Jian Council here.
As you open the door, it creaks loudly!
A yak comes into view.
The yak bellows!
Found Vouheim's Weapon Emporium.
Found fourteen altars.
Found an opulent altar of Gozag.
The yak gores you.
There is an open door here.
You slash the yak!
The yak is moderately wounded.
The yak gores you but does no damage.
You closely miss the yak.
The yak is moderately wounded.
You hit the yak but do no damage.
The yak is moderately wounded.
You block the yak's attack.
You slash the yak!
The yak is severely wounded.
The yak gores you!
* * * LOW HITPOINT WARNING * * *
Aiming: Throw Flame
Press: ? - help, Q - select action Shift-Dir - straight line, f - yak
Aim: a yak (severely wounded, 83% to hit)
The puff of flame hits the yak.
The yak is almost dead.
You hit the yak.
The yak is almost dead.
The yak gores you!
You die...

################
#<.#..)..#..'..#
#..').#..').#..+
#..#####'#####'#
#..# #..# #(#
#..#__#### ##!#
#..#_____##+#_.+
#⌠⌠#_.∩..Y@..._#
####_..__##_.#+#
#____ ##+# ####


You could see a yak.

Vanquished Creatures
  Sigmund (D)
  An ogre (D)
  A jelly (D)
  Ijyb (D)
4 creatures vanquished.

Notes
Turn   | Place    | Note
-------+----------+-------------------------------------------
     0 | D        | CarvArkoylaein the Hill Orc Fighter began the quest for the
                  | Orb.
     0 | D        | Reached XP level 1. HP: 19/19 MP: 1/1
     2 | D        | Noticed Ijyb
    20 | D        | Killed Ijyb
    21 | D        | Reached skill level 5 in Fighting
    21 | D        | Reached XP level 2. HP: 27/29 MP: 2/2
    21 | D        | Reached XP level 3. HP: 34/36 MP: 3/3
    25 | D        | Noticed an ogre
    31 | D        | Killed an ogre
    32 | D        | Reached skill level 5 in Axes
    32 | D        | Reached skill level 1 in Dodging
    32 | D        | Reached skill level 5 in Shields
    32 | D        | Reached XP level 4. HP: 28/45 MP: 4/4
    43 | D        | Noticed Sigmund
    54 | D        | Killed Sigmund
    55 | D        | Reached skill level 1 in Evocations
    55 | D        | Reached XP level 5. HP: 30/56 MP: 5/5
    55 | D        | Reached XP level 6. HP: 33/62 MP: 6/6
    67 | D        | Found an ornate altar of the Wu Jian Council.
    67 | D        | Found a shimmering blue altar of Sif Muna.
    69 | D        | Found a radiant altar of Vehumet.
    77 | D        | Found Vouheim's Weapon Emporium.
    77 | D        | Found an ancient bone altar of Kikubaaqudgha.
    77 | D        | Found a hazy altar of Hepliaklqana.
    77 | D        | Found a stormy altar of Qazlal.
    77 | D        | Found a hide-covered altar of Uskayaw.
    77 | D        | Found a blossoming altar of Fedhas.
    77 | D        | Found a bloodstained altar of Trog.
    77 | D        | Found an iron altar of Okawaru.
    77 | D        | Found a basalt altar of Yredelemnul.
    77 | D        | Found a glowing golden altar of the Shining One.
    77 | D        | Found a snail-covered altar of Cheibriados.
    77 | D        | Found a sacrificial altar of Ru.
    77 | D        | Found a glowing silver altar of Zin.
    77 | D        | Found a shadowy altar of Dithmenos.
    77 | D        | Found a white marble altar of Elyvilon.
    77 | D        | Noticed a yak
    78 | D        | Found an opulent altar of Gozag.
    84 | D        | Slain by a yak

Illustrated notes

Levels and vault maps discovered:
D:        dungeon_sprint_1 [red_sonja_temple_1, red_sonja_temple_small_1]

Skill      XL: |  1  2  3  4  5  6 |
---------------+-------------------+-----
Fighting       | 5 6 8 |  8.8
Axes           | 4 5 7 8 |  8.0
Armour         | 4 6 7 |  7.6
Shields        | 4 5 7 |  7.3
Dodging        | 1 2 |  2.1
Evocations     | 1 |  1.8

Action                     |  1- 3 |  4- 6 || total
---------------------------+-------+-------++-------
  Melee: War axe           |    18 |    11 ||    29
  Evoke: Wand              |     2 |     5 ||     7
    Use: Potion            |     3 |     2 ||     5
 Armour: Scale mail        |     2 |     2 ||     4
  Dodge: Dodged            |    10 |       ||    10
  Block: Buckler           |     5 |     3 ||     8
